 Dungeon Crawl Stone Soup version 0.32-a0-918-g0f22ef8d61 (webtiles) character file.

Game seed: 17059216636849585352

57088 KennySheep the Severer (level 14, -14/187 HPs)
             Began as a Mountain Dwarf Cinder Acolyte on Apr 11, 2024.
             Was a Follower of Trog.
             Demolished by an orc knight
             ... wielding a +0 long sword
              (16 damage)
             ... on level 2 of the Orcish Mines on Apr 12, 2024.
             The game lasted 01:19:54 (26409 turns).

KennySheep the Severer (MDCA)                      Turns: 26409, Time: 01:19:54

Health: -14/187    AC: 34    Str: 19    XL:     14   Next: 7%
Magic:  13/13      EV:  7    Int: 21    God:    Trog [*.....]
Gold:   1342       SH:  0    Dex: 10    Spells: 13/15 levels left

rFire   . . .        a - +9 executioner's axe (heavy)
rCold   . . .        (shield currently unavailable)
rNeg    + . .        d - +18 Lear's hauberk
rPois   +            (helmet currently unavailable)
rElec   .            L - +2 cloak {rF+}
rCorr   .            (gloves currently unavailable)
SInv    .            (boots currently unavailable)
Will    +....        z - amulet "Magedwops" {-Cast Harm +Blink rN+ Regen+} Stlth
                     k - +6 ring of dexterity
HPRegen 1.31/turn    o - ring "Burches" {rPois rF+}
MPRegen 0.13/turn

%: no spellcasting, harm (+30% outgoing, +20% incoming)
@: berserking, studying Necromancy, fire susceptible, very quick
A: runic magic, artefact enchanting, clever 1, low MP 1
a: Renounce Religion, Evoke Blink, Berserk


You were on level 2 of the Orcish Mines.
You worshipped Trog.
Trog was aware of your devotion.
You visited 4 branches of the dungeon, and saw 18 of its levels.
You also visited: Gauntlet and Volcano.

You collected 1710 gold pieces.
You spent 368 gold pieces at shops.

Inventory:

Hand Weapons
 a - a +9 heavy executioner's axe (weapon)
 b - a +0 hand axe of flaming
Missiles
 x - a throwing net
Armour
 d - the +18 Lear's hauberk (worn)
   (You found it on level 2 of the Dungeon)
 B - a +4 plate armour of fire resistance
 L - a +2 cloak of fire resistance (worn)
Jewellery
 g - an amulet of the acrobat
 k - a +6 ring of dexterity (left hand)
 m - the amulet of Makhleb's Grace {rF- rC+ Regen+ RegenMP+}
   (You found it in a Gauntlet)

   [amulet of magic regeneration]

   It increases your rate of magic regeneration.
   rF-:       It makes you vulnerable to fire.
   rC+:       It protects you from cold.
   Regen+:    It increases your rate of health regeneration.
   RegenMP+:  It increases your rate of magic regeneration.
 o - the ring "Burches" (right hand) {rPois rF+}
   (You took it off a minotaur in a Gauntlet)

   [ring of protection from fire]

   rF+:       It protects you from fire.
   rPois:     It protects you from poison.
 p - an amulet of guardian spirit
 t - the ring "Eduenote" {Wiz Str+3 Int+4 Slay-6 Stlth+}
   (You found it on level 5 of the Dungeon)

   [ring of wizardry]

   Wiz:       It improves your spell success rate.
   Str+3:     It affects your strength (+3).
   Int+4:     It affects your intelligence (+4).
   Slay-6:    It affects your accuracy & damage with ranged weapons and melee
   (-6).
   Stlth+:    It makes you more stealthy.
 u - a ring of fire
 z - the amulet "Magedwops" (around neck) {-Cast Harm +Blink rN+ Regen+}
   (You found it in a Gauntlet)

   [amulet of regeneration]

   rN+:       It protects you from negative energy.
   +Blink:    It lets you blink.
   -Cast:     It prevents spellcasting.
   Regen+:    It increases your rate of health regeneration.
   Harm:      It increases damage dealt and taken.
 C - a +6 ring of dexterity
 E - a ring of see invisible
Wands
 w - a wand of flame (27)
 D - a wand of acid (8)
 I - a wand of iceblast (5)
 P - a wand of charming (3)
 Q - a wand of polymorph (4)
Scrolls
 c - a scroll of amnesia
 e - 6 scrolls of teleportation
 f - 2 scrolls of silence
 i - 3 scrolls of blinking
 l - 2 scrolls of immolation
 s - 2 scrolls of fear
 v - a scroll of fog
 y - 3 scrolls of vulnerability
 G - a scroll of revelation
 H - 2 scrolls of noise
 J - a scroll of poison
 M - 2 scrolls of butterflies
Potions
 h - 5 potions of curing
 j - 3 potions of might
 n - a potion of berserk rage
 q - 5 potions of heal wounds
 r - a potion of haste
 A - 2 potions of enlightenment
 F - a potion of invisibility
 K - a potion of resistance
 N - 2 potions of mutation
 O - a potion of lignification


   Skills:
 + Level 11.9 Fighting
 * Level 20.3 Axes
 + Level 14.0 Armour
 - Level 1.0 Spellcasting
 - Level 3.6 Fire Magic
 + Level 7.5 Evocations


You had 13 spell levels left.
You knew the following spells:

 Your Spells              Type           Power      Damage    Failure   Level
a - Scorch                Fire           32%        2d6       9%          2

Your spell library contained the following spells:

 Spells                   Type           Power      Damage    Failure   Level
 Kiss of Death            Conj/Necr      4%         2d5       24%         1
 Necrotise                Necr           4%         1d4       24%         1
 Summon Small Mammal      Summ           4%         N/A       24%         1
 Call Canine Familiar     Summ           1%         N/A       56%         3
 Confusing Touch          Hex            1%         N/A       56%         3
 Tukima's Dance           Hex            1%         N/A       56%         3
 Vampiric Draining        Necr           1%         2d6       56%         3
 Ignite Poison            Fire/Alch      8%         N/A       75%         4
 Sticky Flame             Fire/Alch      8%         2d4       75%         4
 Summon Blazeheart Golem  Fire/Summ      8%         N/A       75%         4
 Dispel Undead            Necr           1%         3d6       93%         4
 Martyr's Knell           Necr/Summ      1%         N/A       93%         4
 Passage of Golubria      Tloc           1%         N/A       93%         4
 Curse of Agony           Necr           1%         N/A       100%        5
 Yara's Violent Unravell  Hex/Alch       0%         3d3       100%        5
 Ignition                 Fire           8%         3d5       100%        8


Dungeon Overview and Level Annotations

Branches:
Dungeon (10/15)            Temple (1/1) D:7            Lair (5/5) D:10
 Shoals (0/4) Lair:3        Snake (0/4) Lair:2        Slime (0/5) Lair:4
    Orc (1/2) D:9         Volcano (visited)         Gauntlet (visited)

Altars:
Ashenzari
Cheibriados
Dithmenos
Elyvilon
Fedhas
Gozag
Hepliaklqana
Kikubaaqudgha
Makhleb
Nemelex Xobeh
Okawaru
Qazlal
Ru
Sif Muna
Trog
Uskayaw
Vehumet
Wu Jian
Xom
Yredelemnul
Zin
The Shining One
Beogh

Shops:
D:2 (*?=   D:5 **   D:9 (   Orc:1 *

Annotations:
D:2 1 runed translucent door, Crazy Yiuf
D:3 1 runed translucent door, mdk's ghost, amateur DECj
D:8 1 runed translucent door, ezpacito's ghost, novice CoCK
Lair:4 2 transporters, 1 runed translucent door, Sugi's ghost, journeyman MiFi
Lair:5 exclusion: 3 oklob plants


Innate Abilities, Weirdness & Mutations

Your spellcasting is much less encumbered by armour.
You can use scrolls of enchantment on lesser artefacts.
Your mind is acute. (Int +4, Str/Dex -1)
Your magical capacity is low. (-10% MP)


Message History

The orc knight roars a battlecry!
The orcs go into a battle-frenzy!
The orc warrior hits you from afar with a +0 glaive!
* * * LOW HITPOINT WARNING * * *
An orc comes into view. It is wielding a +0 whip.
You hear a shout! x2
A red film seems to cover your vision as you go berserk!
You feel yourself moving faster!
You feel mighty!
The orc priest hits you but does no damage.
An orc warrior comes into view. It is wielding a +0 battleaxe.
The orc warrior hits you but does no damage.
The orc hits you with a +0 falchion!
* * * LOW HITPOINT WARNING * * *
The orc warrior barely misses you.
The orc warrior hits you from afar with a +0 glaive!
* * * LOW HITPOINT WARNING * * *
You closely miss the orc. You slash the orc priest!
You kill the orc priest!
Trog accepts your kill.
The orc warrior hits you but does no damage.
A troll comes into view.
The orc hits you but does no damage.
The orc warrior hits you from afar with a +0 glaive!
* * * LOW HITPOINT WARNING * * *
An orc knight comes into view. It is wielding a +1 long sword.
An orc warrior comes into view. It is wielding a +0 halberd.
The orc warrior shouts!
The orc warrior hits you but does no damage.
The orc barely misses you.
The orc warrior hits you but does no damage.
The orc warrior barely misses you.
Items here: )))))))) [[[ ††††.
You closely miss the orc warrior. You closely miss the orc.
You slash the orc knight!
An orc wizard comes into view. It is wielding a +0 dagger.
The orc warrior hits you from afar with a +1 glaive of protection!!
* * * LOW HITPOINT WARNING * * *
The orc hits you but does no damage.
The orc knight hits you with a +0 long sword!
You die...

.............###
............##.###
.................##
..................###
..................#.##
.....................#
............#..#)...#
......)........$)o.#
...............)@###
......#..$....ooo###
............._oooC.###
......#......o..ooo..##
..........#..T..##....##
........####.####...o..#
......#.#
#.....#...#o.##
#.........##.....
..$.#.....# .##.


You could see an orc knight, a cyclops, a troll, 6 orc warriors, an orc wizard
and 5 orcs.

Vanquished Creatures
  A minotaur (Gauntlet)
  Snorg (Orc:1)
  A fire dragon (Lair:5)
  9 hydras
  3 catoblepae
  A hell beast (Gauntlet)
  3 skeletal warriors (Volcano)
  2 skysharks
  2 lindwurms
  An anaconda skeleton (Volcano)
  Pikel (D:8)
  A deep elf pyromancer (D:10)
  A salamander (Lair:2)
  4 elephants
  6 kobold blastminers
  2 molten gargoyles (Lair:5)
  4 black mambas
  4 gargoyles
  A torpor snail (Lair:4)
  Maggie (D:10)
  7 cane toads
  10 komodo dragons (Lair:5)
  2 rime drakes
  A polar bear (Lair:5)
  2 hornets (D:8)
  A raiju (Gauntlet)
  A harpy skeleton (Volcano)
  10 blink frogs
  2 dream sheep (Lair:4)
  Sigmund (D:2)
  2 wraiths
  11 wyverns
  27 yaks
  2 fire bats (Lair:2)
  A steam dragon (D:7)
  A warg (Orc:1)
  A fire elemental (Lair:2)
  An acid dragon (D:10)
  11 water moccasins
  3 hell hounds (Lair:5)
  A sky beast (D:6)
  16 orc warriors
  4 black bears
  An ice beast (D:8)
  5 ogres
  2 laughing skulls (Volcano)
  13 wolves
  A centaur (D:9)
  2 lemures (D:8)
  A weeping skull (Volcano)
  4 kobold brigands
  2 gnoll sergeants (D:6)
  2 scorpions
  12 bullfrogs
  13 wights
  13 killer bees
  An electric eel (Lair:2)
  3 troll skeletons (Volcano)
  A howler monkey (D:7)
  6 lava snakes
  3 hounds
  3 jellies
  2 bombardier beetles (D:6)
  17 orc priests
  Ijyb (D:4)
  Terence (D:2)
  3 sleepcaps
  20 orc wizards
  2 iguanas
  A naga skeleton (Volcano)
  Robin (D:2)
  8 adders
  9 gnolls (D:6)
  A white imp (D:6)
  3 ufetubi
  A dart slug (D:1)
  2 ribbon worms (D:3)
  58 orcs
  4 endoplasms
  4 giant cockroaches
  16 goblins
  6 hobgoblins
  5 jackals (D:1)
  23 kobolds
  11 quokkas
  8 ball pythons
  6 bats
  6 frilled lizards
  28 rats
502 creatures vanquished.

Vanquished Creatures (others)
  A hell hound (Lair:5)
  A lava snake (Lair:5)
  2 orc wizards
  63 foxfires
67 creatures vanquished.

Grand Total: 569 creatures vanquished

Notes
Turn   | Place    | Note
-------+----------+-------------------------------------------
     0 | D:1      | KennySheep the Mountain Dwarf Cinder Acolyte began the
                  | quest for the Orb.
     0 | D:1      | Reached XP level 1. HP: 19/19 MP: 2/2
    14 | D:1      | Reached skill level 1 in Armour
    15 | D:1      | Reached XP level 2. HP: 24/26 MP: 3/3
    81 | D:1      | Reached skill level 4 in Axes
   425 | D:1      | Found a faded altar of an unknown god.
   461 | D:1      | Reached XP level 3. HP: 31/31 MP: 4/4
   768 | D:2      | Noticed Terence
   778 | D:2      | Killed Terence
   783 | D:2      | Reached XP level 4. HP: 23/40 MP: 5/5
   889 | D:2      | Noticed Sigmund
   889 | D:2      | Found the +18 Lear's hauberk
   890 | D:2      | Found Jepryjon's Magic Scroll Emporium.
   917 | D:2      | Noticed Robin
  1056 | D:2      | Learned a level 2 spell: Scorch
  1058 | D:2      | Bought a scroll of identify for 24 gold pieces
  1068 | D:2      | Identified the +3 rapier "Fuwohemigi" {flame, *Noise rElec
                  | rN+ Dex+3}
  1102 | D:2      | Found Fyocupna's General Store.
  1131 | D:2      | Bought a scroll of teleportation for 30 gold pieces
  1136 | D:2      | Found Ecsum's Weapon Boutique.
  1218 | D:2      | Killed Sigmund
  1219 | D:2      | Reached skill level 5 in Axes
  1219 | D:2      | Reached XP level 5. HP: 44/47 MP: 6/6
  1232 | D:2      | Killed Robin
  1233 | D:2      | Reached XP level 6. HP: 53/53 MP: 7/7
  1367 | D:2      | Found Cynu's Jewellery Emporium.
  1439 | D:2      | Found a runed translucent door.
  1440 | D:2      | Noticed Crazy Yiuf
  1891 | D:3      | Reached skill level 6 in Axes
  2232 | D:3      | Found a runed translucent door.
  2238 | D:3      | Noticed mdk's ghost (amateur DECj)
  2387 | D:4      | Found an opulent altar of Gozag.
  2878 | D:2      | Bought a scroll of blinking for 90 gold pieces
  2916 | D:2      | Bought a scroll of identify for 20 gold pieces
  3147 | D:4      | Found a bloodstained altar of Trog.
  3284 | D:4      | Reached XP level 7. HP: 51/60 MP: 8/8
  3360 | D:4      | Noticed Ijyb
  3426 | D:4      | Killed Ijyb
  3427 | D:4      | Reached skill level 5 in Armour
  3598 | D:4      | Reached skill level 5 in Fighting
  3621 | D:4      | Reached skill level 7 in Axes
  4197 | D:5      | Entered Level 5 of the Dungeon
  4239 | D:5      | Reached XP level 8. HP: 65/69 MP: 9/9
  4297 | D:5      | Identified the ring "Eduenote" {Wiz Str+3 Int+4 Slay-6
                  | Stlth+}
  4321 | D:5      | Found Munguoni's Specific Store.
  4321 | D:5      | Found Edwomast's General Store.
  4334 | D:5      | Bought a scroll of identify for 24 gold pieces
  4426 | D:5      | Reached skill level 8 in Axes
  4679 | D:5      | Found a basalt altar of Yredelemnul.
  5086 | D:6      | Reached skill level 9 in Axes
  5622 | D:7      | Reached XP level 9. HP: 78/78 MP: 10/10
  5645 | D:7      | Reached skill level 10 in Axes
  5798 | D:7      | Found a staircase to the Ecumenical Temple.
  5856 | Temple   | Entered the Ecumenical Temple
  6009 | D:7      | Identified the +5 war axe of the Solstice {freeze, rCorr
                  | Dex+5 Stlth-}
  6468 | D:7      | Reached skill level 11 in Axes
  6778 | D:8      | Noticed Pikel
  6789 | D:8      | Killed Pikel
  6861 | D:8      | Reached skill level 10 in Armour
  6861 | D:8      | Reached XP level 10. HP: 88/88 MP: 11/11
  7082 | D:8      | Reached skill level 12 in Axes
  7286 | D:8      | Found a runed translucent door.
  7288 | D:8      | Noticed ezpacito's ghost (novice CoCK)
  7288 | D:8      | Found the +0 toga "Victory" {*Victory Clar}
  7359 | D:8      | Found an ornate altar of the Wu Jian Council.
  7360 | D:8      | Found a blossoming altar of Fedhas.
  7391 | D:8      | Found a burning altar of Makhleb.
  7392 | D:8      | Found a white marble altar of Elyvilon.
  7557 | D:8      | Found a hide-covered altar of Uskayaw.
  7557 | D:8      | Found a shadowy altar of Dithmenos.
  7896 | D:9      | Found a staircase to the Orcish Mines.
  7899 | D:9      | Found Qepp's Weapon Boutique.
  7956 | D:9      | Found a sparkling altar of Nemelex Xobeh.
  8298 | D:10     | Entered Level 10 of the Dungeon
  8315 | D:10     | Found a staircase to the Lair.
  8315 | D:10     | Noticed a gargoyle
  8340 | D:10     | Reached skill level 13 in Axes
  8344 | D:10     | Killed a gargoyle
  8507 | D:10     | Found a shimmering altar of Xom.
  8539 | D:10     | Noticed Maggie
  8547 | D:10     | Killed Maggie
  8548 | D:10     | Reached XP level 11. HP: 94/96 MP: 12/12
  8727 | D:10     | Noticed a deep elf pyromancer
  8731 | D:10     | Killed a deep elf pyromancer
  8790 | D:10     | Found an ancient bone altar of Kikubaaqudgha.
  8803 | D:10     | Found a shimmering blue altar of Sif Muna.
  8819 | D:10     | Found a radiant altar of Vehumet.
  9534 | Lair:1   | Entered Level 1 of the Lair of Beasts
  9535 | Lair:1   | Identified a scroll of acquirement
  9537 | Lair:1   | Acquired a +2 heavy executioner's axe
  9843 | Lair:1   | Noticed a catoblepas
  9867 | Lair:1   | Killed a catoblepas
  9868 | Lair:1   | Reached skill level 14 in Axes
  9967 | Lair:1   | Found a gate leading to a gauntlet.
  9974 | Gauntlet | Entered a Gauntlet
  9974 | Gauntlet | Found a transporter.
  9974 | Gauntlet | Found a transporter.
  9974 | Gauntlet | Found a runed translucent door.
  9974 | Gauntlet | Found a runed translucent door.
  9974 | Gauntlet | Found a runed translucent gate.
  9990 | Gauntlet | Noticed a catoblepas
 10115 | Gauntlet | Noticed a fire crab
 10117 | Gauntlet | Found a runed translucent gate.
 10118 | Gauntlet | Found a runed translucent gate.
 10124 | Gauntlet | Found a transporter.
 10139 | Gauntlet | Noticed a hell beast
 10142 | Gauntlet | Found a transporter.
 10142 | Gauntlet | Found a transporter.
 10144 | Gauntlet | Found a transporter.
 10144 | Gauntlet | Found a transporter.
 10146 | Gauntlet | Found a transporter.
 10152 | Gauntlet | Noticed a large abomination
 10157 | Gauntlet | Found a transporter.
 10173 | Gauntlet | Found a transporter.
 10176 | Gauntlet | Noticed a lightning spire
 10181 | Gauntlet | Noticed a wolf spider
 10182 | Gauntlet | Found a transporter.
 10186 | Gauntlet | Found a runed translucent door.
 10200 | Gauntlet | Found a transporter.
 10217 | Gauntlet | Found a transporter.
 10231 | Gauntlet | Found a transporter.
 10260 | Gauntlet | Identified the +1 hat "Desch" {Harm}
 10289 | Gauntlet | Killed a hell beast
 10292 | Gauntlet | Identified the +3 pair of gloves of the Echidna {rC- Will+
                  | Regen+ Stlth+}
 10328 | Gauntlet | Gained mutation: Your magical capacity is low. (-10% MP)
                  | [potion of mutation]
 10328 | Gauntlet | Gained mutation: Your mind is acute. (Int +4, Str/Dex -1)
                  | [potion of mutation]
 10342 | Gauntlet | Identified the amulet of Makhleb's Grace {rF- rC+ Regen+
                  | RegenMP+}
 10347 | Gauntlet | Reached skill level 15 in Axes
 10484 | Gauntlet | Identified the ring "Burches" {rPois rF+}
 10484 | Gauntlet | Noticed a minotaur
 10492 | Gauntlet | Killed a minotaur
 10493 | Gauntlet | Found the +5 robe of Night {Dark Will+ SInv}
 10501 | Gauntlet | Identified the amulet "Magedwops" {-Cast Harm +Blink rN+
                  | Regen+}
 11239 | Lair:2   | Reached skill level 16 in Axes
 11551 | Lair:2   | Identified the +1 ring mail of Resonance {Int+2 Stlth+}
 11679 | Lair:2   | Acquired a +1 pair of gloves of stealth
 11728 | Lair:2   | Noticed a four-headed hydra
 11735 | Lair:2   | Killed a seven-headed hydra
 11736 | Lair:2   | Reached skill level 17 in Axes
 11736 | Lair:2   | Reached XP level 12. HP: 72/104 MP: 12/12
 12130 | Lair:2   | Noticed a four-headed hydra
 12552 | Lair:2   | Found a staircase to the Snake Pit.
 12594 | Lair:2   | Killed a six-headed hydra
 12595 | Lair:2   | Reached skill level 1 in Evocations
 12828 | Lair:3   | Noticed a catoblepas
 12834 | Lair:3   | Killed a catoblepas
 12839 | Lair:3   | Reached skill level 18 in Axes
 12884 | Lair:3   | Reached skill level 10 in Fighting
 12884 | Lair:3   | Found a staircase to the Shoals.
 13410 | Lair:4   | Found a dark tunnel.
 13417 | Volcano  | Entered a volcano
 13946 | Lair:4   | Noticed a catoblepas
 13950 | Lair:4   | Killed a catoblepas
 13951 | Lair:4   | Reached XP level 13. HP: 109/114 MP: 13/13
 13975 | Lair:4   | Found a transporter.
 13980 | Lair:4   | Found a bloodstained altar of Trog.
 13981 | Lair:4   | Found a transporter.
 13987 | Lair:4   | You fall into a shaft and drop 1 floor!
 13987 | Lair:5   | Entered Level 5 of the Lair of Beasts
 13987 | Lair:5   | Noticed a fire dragon
 13987 | Lair:5   | Found a large runed translucent door.
 13987 | Lair:5   | Found a large runed translucent door.
 13989 | Lair:5   | Killed a fire dragon
 13990 | Lair:5   | Reached skill level 5 in Evocations
 14003 | Lair:5   | Got an earthy gem with 486 turns to spare
 14122 | Lair:5   | Reached skill level 19 in Axes
 14331 | Lair:4   | Noticed Sugi's ghost (journeyman MiFi)
 14374 | Lair:4   | Found a runed translucent door.
 14439 | Lair:4   | Noticed an azure jelly
 14441 | Lair:4   | Found a staircase to the Slime Pits.
 14441 | Lair:4   | Noticed an azure jelly
 14443 | Lair:4   | Noticed an azure jelly
 15333 | Lair:5   | Reached skill level 20 in Axes
 25555 | Orc:1    | Entered Level 1 of the Orcish Mines
 25666 | D:4      | Fell from the grace of Ignis
 25666 | D:4      | Became a worshipper of Trog the Wrathful
 25831 | Orc:1    | Found Adacavot's Gadget Gallery.
 25844 | Orc:1    | Noticed Snorg
 25849 | Orc:1    | Killed Snorg
 25865 | Orc:1    | Reached XP level 14. HP: 67/125 MP: 13/13
 26007 | D:2      | Bought a scroll of blinking for 90 gold pieces
 26007 | D:2      | Bought a scroll of enchant weapon for 90 gold pieces
 26348 | Orc:1    | You fall into a shaft and drop 1 floor!
 26348 | Orc:2    | Entered Level 2 of the Orcish Mines
 26361 | Orc:2    | Found a roughly hewn altar of Beogh.
 26392 | Orc:2    | Reached * piety under Trog
 26409 | Orc:2    | HP: 2/187 [orc warrior/+1 glaive of protection[an orc
                  | knight] (24)]
 26409 | Orc:2    | Demolished by an orc knight

Illustrated notes

Levels and vault maps discovered:
D:1:      dpeg_arrival_short_road, layout_loops_ring,
          hellmonk_ecumenical_altar_zigzags
D:2:      layout_rooms, serial_shops, nicolae_shop_tiny_glass, shop,
          nicolae_shop_advertising_works [nicolae_subvault_shop_adworks], shop,
          uniq_sigmund, uniq_crazy_yiuf_cottage, uniq_robin, uniq_terence
D:3:      layout_loops_corners, ebering_ghost_reflecting_pool
D:4:      nicolae_BIG_FREAKIN_CUBE, layout_loops_corners, trog_butcher_becter,
          nicolae_overflow_crystal_walls, minmay_rat_hole, uniq_ijyb
D:5:      minmay_spotlight, layout_basic, kennysheep_mini,
          nicolae_specific_store
D:6:      layout_cave_pools
D:7:      layout_loops_ring, minmay_temple_entry_wispy
D:8:      layout_rooms, gammafunk_temple_overflow_elements,
          mainiacjoe_overflow_alcove_3, hellmonk_ghost_big_iron, uniq_pikel
D:9:      layout_big_octagon, overflow_temple_1_default, orc_david_3
D:10:     layout_loops_corners, palyth_temple_overflow_mages, xom_teletrap_fun,
          erik_lair_orcish_takeover, minmay_crystal_room,
          guppyfry_early_elven_hall, uniq_maggie
Temple:   nicolae_temple_godpark
Lair:1:   layout_roguey, gauntlet_entry_generic
Lair:2:   layout_gridlike, nicolae_snake_entry_warm_welcome
Lair:3:   layout_roguey, elwin_shoals_entry_rocks, grunt_megastairs_3,
          serial_bayou_shore_b
Lair:4:   layout_regular_city, slime_entry_2, nicolae_volcano_entry_vermiform,
          gammafunk_ghost_wrathful_warriors, grunt_megastairs_4
Lair:5:   cheibrodos_lair_end_hotspot, layout_hall_layers, dpeg_oklob_1
Orc:1:    layout_diamond_mine, nicolae_shop_gadgets, uniq_snorg
Orc:2:    pf_orc_diabolical, layout_caves, basic_altar, serial_shops,
          nicolae_shop_hallway_stairs

Skill      XL: |  1  2  3  4  5  6  7  8  9 10 11 12 13 14 |
---------------+-------------------------------------------+-----
Armour         | 1 2 3 4 6 8 10 11 12 13 14 | 14.0
Axes           | 4 5 6 7 9 11 13 17 18 20 | 20.3
Fighting       | 4 5 6 7 9 10 11 | 11.9
Evocations     | 4 7 |  7.5
Spellcasting   | |  1.0
Fire Magic     | |  3.6

Action                     |  1- 3 |  4- 6 |  7- 9 | 10-12 | 13-15 || total
---------------------------+-------+-------+-------+-------+-------++-------
  Melee: Hand axe          |    82 |   280 |   153 |       |    14 ||   529
         Unarmed           |       |       |    20 |       |       ||    20
         Battleaxe         |       |       |   202 |       |       ||   202
         War axe           |       |       |    63 |   220 |       ||   283
         Executioner's axe |       |       |       |   181 |   152 ||   333
   Cast: Scorch            |       |     3 |       |       |       ||     3
 Invoke: Fiery Armour      |     2 |     1 |     1 |     4 |       ||     8
         Foxfire Swarm     |       |       |       |       |     3 ||     3
         Berserk           |       |       |       |       |     1 ||     1
  Evoke: Wand              |       |       |       |     5 |     9 ||    14
    Use: Potion            |       |     3 |     2 |     6 |     1 ||    12
         Scroll            |       |     4 |     3 |    14 |     6 ||    27
 Armour: Robe              |    55 |    25 |       |   105 |       ||   185
         Chain mail        |       |   198 |   398 |   465 |   304 ||  1365
         Skin              |       |       |    11 |       |       ||    11
  Dodge: Dodged            |    56 |    99 |   217 |   283 |    97 ||   752

Table legend: (Time is in decaauts)
 A = Elapsed time spent in this place.
 B = Non-inter-level travel time spent in this place.
 C = Inter-level travel time spent in this place.
 D = Time resting spent in this place.
 E = Time spent auto-exploring this place.
 F = Levels seen in this place.
 G = Mean time per level.
                   A        B        C        D        E       F      G
               +--------+--------+--------+--------+--------+-----+--------+
         Total |  26590 |  24954 |   1636 |  11034 |   9989 |  20 | 1329.5 |
       Dungeon |  10253 |   9077 |   1176 |    784 |   6187 |  10 | 1025.3 |
        Temple |      1 |      1 |      0 |      0 |      0 |   1 |    1.0 |
          Lair |  14808 |  14362 |    446 |  10049 |   3039 |   5 | 2961.6 |
  Orcish Mines |    411 |    397 |     14 |      0 |    235 |   2 |  205.5 |
       Volcano |    428 |    428 |      0 |    103 |    103 |   1 |  428.0 |
      Gauntlet |    687 |    687 |      0 |     97 |    425 |   1 |  687.0 |
               +--------+--------+--------+--------+--------+-----+--------+

Top non-repeatable levels by time:
  Lair:5: 10684 daAuts
     D:4: 1733 daAuts
  Lair:1: 1371 daAuts
     D:7: 1318 daAuts
    D:10: 1289 daAuts
     D:8: 1161 daAuts
     D:3: 1058 daAuts
  Lair:2: 1055 daAuts
  Lair:4: 925 daAuts
     D:1: 877 daAuts
  Lair:3: 771 daAuts
     D:9: 753 daAuts
     D:6: 750 daAuts
Gauntlet: 687 daAuts
     D:2: 682 daAuts
